Map: Catalyst LE

Players

Infamous

  • Race: Protoss Protoss
  • League: Gold
  • Spawn Location: 11:00

McNeil - Winner!

  • Race: Protoss Protoss
  • Spawn Location: 5:00

VOD

Have the link to the VOD?

Description

Time

  • Played on: April 22, 2018, 11:04 a.m.
  • Length: 7:04
Show
View Real Time Build Order
Export as new Build Order

Infamous Protoss 

Build Orders:  

Get SALT Encoding   

  12  0:01  Probe  
  13  0:20  Pylon  
  13  0:23  Probe  
  14  0:34  Probe  
  14  0:39  Gateway  
  14  0:42  Probe  
  16  0:54  Probe  
  16  1:01  Assimilator  
  17  1:09  Probe  
  18  1:21  Probe  
  19  1:40  Zealot  
  19  1:43  Gateway  
  19  1:44  Cybernetics Core  
  21  1:48  Probe  
  21  1:51  Assimilator  
  21  1:53  Pylon  
  22  2:09  Probe  
  23  2:21  Probe  
  24  2:30  Pylon, Warp Gate  
  24  2:33  Nexus  
  24  2:34  Pylon  
  24  2:50  Probe  
  25  3:02  Stalker  
  25  3:03  Stalker  
  29  3:18  Probe  
  30  3:29  Robotics Facility  
  30  3:41  Probe  
  30  3:45  Probe  
  32  3:49  Probe  
  33  3:59  Gateway  
  33  4:00  Probe  
  33  4:01  Gateway  
  34  4:05  Gateway  
  34  4:09  Probe  
  33  4:32  Probe x2  
  35  4:41  Observer  
  35  4:44  Probe x2  
  36  4:50  Sentry  
  38  4:56  Probe x2  
  40  5:01  Pylon  
  40  5:06  Pylon  
  40  5:08  Immortal  
  40  5:09  Forge  
  40  5:10  Forge  
  44  5:20  Probe  
  44  5:23  Probe  
  44  5:26  Stalker x3  
  44  5:27  Stalker x2  
  56  5:37  Probe  
  56  5:39  Probe  
  56  5:53  Zealot  
  56  6:02  Zealot x3  
  62  6:12  Pylon, Assimilator  
  62  6:14  Assimilator  
  62  6:16  Pylon  
  54  6:27  Stalker x2  
  54  6:28  Stalker  
  46  6:42  Stalker  
  46  6:51  Zealot x2  
  46  6:52  Zealot  
Show
View Real Time Build Order
Export as new Build Order

McNeil Protoss - Winner!

Build Orders: Blink Stalkers 

Get SALT Encoding   

  12  0:01  Probe  
  13  0:13  Probe  
  14  0:22  Pylon  
  14  0:26  Probe  
  15  0:39  Probe  
  15  0:42  Gateway  
  16  0:43  Assimilator  
  16  0:47  Probe  
  16  0:55  Probe  
  18  1:06  Probe, Assimilator  
  19  1:18  Probe  
  20  1:28  Cybernetics Core  
  20  1:31  Pylon  
  20  1:34  Probe  
  21  1:46  Probe  
  22  1:58  Probe  
  23  2:02  Nexus  
  23  2:08  Warp Gate  
  23  2:10  Probe  
  23  2:11  Stalker  
  26  2:22  Probe  
  27  2:34  Probe  
  28  2:43  Pylon  
  28  2:47  Probe  
  28  2:50  Stalker  
  31  3:01  Probe, Twilight Council  
  32  3:08  Blink  
  32  3:13  Probe x2  
  34  3:21  Probe  
  34  3:26  Probe  
  36  3:31  Probe  
  36  3:32  Gateway x2  
  37  3:35  Gateway  
  37  3:38  Probe  
  38  3:43  Probe  
  39  3:50  Probe  
  39  3:55  Probe  
  41  3:56  Pylon  
  41  3:59  Gateway  
  41  4:07  Probe  
  39  4:35  Stalker x2  
  43  4:46  Probe  
  43  4:49  Stalker x2  
  48  4:58  Probe  
  49  5:00  Pylon, Stalker  
  49  5:01  Stalker x2  
  55  5:23  Gateway  
  55  5:24  Gateway  
  55  5:28  Pylon  
  55  5:40  Pylon  
  55  6:00  Stalker x3  
  55  6:01  Stalker x2  
  65  6:08  Gateway  
  65  6:10  Gateway  
  59  6:26  Stalker  
  59  6:27  Stalker x6  
  65  6:55  Zealot x2  
  65  6:56  Zealot x5  
Tags
 
Composition
Blink Stalkers
League
Gold
Matchup
PvP
Replay Pack
Last Remnant (2)
Spawn Locations
Cross Positions
Add a new tag
Caveats
  • Supply blocks, unpowered buildings, or Contaminate may cause inaccurate times.
  • Supply counts are checked every 10 seconds.